 Dungeon Crawl Stone Soup version 0.31-a0-978-g1e143483b6 (webtiles) character file.

Game seed: 6724567387170145752

61014 Conn the Destroyer (level 15, -2/95 HPs)
             Began as an Octopode Fire Elementalist on Oct 30, 2023.
             Was a High Priest of Sif Muna.
             Killed by the air
             ... invoked by a wind drake
              (25 damage)
             ... on level 5 of the Lair of Beasts.
             The game lasted 01:39:44 (27136 turns).

Conn the Destroyer (Octopode Fire Elementalist)    Turns: 27136, Time: 01:39:45

Health: -2/95      AC:  5    Str:  9    XL:     15   Next: 1%
Magic:  14/47      EV: 26    Int: 24    God:    Sif Muna [*****.]
Gold:   616        SH:  0    Dex: 20    Spells: 1/34 levels left

rFire   + . .        V - staff of conjuration
rCold   + . .        (no shield)
rNeg    . . .        (helmet restricted)
rPois   +            t - amulet of reflection
rElec   +            j - +5 ring of evasion
rCorr   .            s - ring "Lietosus" {AC+4 Dex+2}
SInv    .            x - +6 ring of strength
Will    +....        Z - ring of protection from fire
Stlth   +++          R - ring of protection from cold
HPRegen 0.35/turn    W - ring of Harmony {rC+ EV+5 Dex+5}
MPRegen 0.30/turn    X - ring of magical power
                     h - ring of the Sunfish {rElec rPois rC- MP+9 Str-5}

%: reflection
@: confused, ambrosia-drunk, on blink cooldown, studying 2 skills
A: almost no armour, amphibious, 8 rings, camouflage 1, gelatinous body 1,
(nimble swimmer 1), tentacles
a: Renounce Religion, Channel Magic, Forget Spell, Divine Exegesis


You were on level 5 of the Lair of Beasts.
You worshipped Sif Muna.
Sif Muna was extremely pleased with you.
You visited 4 branches of the dungeon, and saw 19 of its levels.
You also visited: Sewer and Ossuary.

You collected 1981 gold pieces.
You spent 1365 gold pieces at shops.

Inventory:

Hand Weapons
 i - the +2 flail "Newtslayer" {pain, SInv}
   (You found it on level 1 of the Lair of Beasts)

   SInv:      It lets you see invisible.
 S - a +2 glaive of protection
Missiles
 r - 5 darts of dispersal
 w - 2 throwing nets
 L - a curare-tipped dart (quivered)
Magical Staves
 O - a staff of poison
 V - a staff of conjuration (weapon)
Jewellery
 h - the ring of the Sunfish (on tentacle) {rElec rPois rC- MP+9 Str-5}
   (You bought it in a shop on level 3 of the Dungeon)

   [ring of magical power]

   Str-5:     It affects your strength (-5).
   rC-:       It makes you vulnerable to cold.
   rElec:     It insulates you from electricity.
   rPois:     It protects you from poison MP+9: It affects your magic capacity
   (+9).
 j - a +5 ring of evasion (left tentacle)
 s - the ring "Lietosus" (right tentacle) {AC+4 Dex+2}
   (You acquired it on level 4 of the Dungeon)

   [ring of protection]

   AC+4:      It affects your AC (+4).
   Dex+2:     It affects your dexterity (+2).
 t - an amulet of reflection (around mantle)
 x - a +6 ring of strength (on tentacle)
 Q - a +6 ring of dexterity
 R - a ring of protection from cold (on tentacle)
 W - the ring of Harmony (on tentacle) {rC+ EV+5 Dex+5}
   (You took it off a kobold demonologist on level 9 of the Dungeon)

   [ring of evasion]

   EV+5:      It affects your evasion (+5).
   Dex+5:     It affects your dexterity (+5).
   rC+:       It protects you from cold.
 X - a ring of magical power (on tentacle)
 Y - a ring of poison resistance
 Z - a ring of protection from fire (on tentacle)
Wands
 l - a wand of polymorph (13)
 o - a wand of digging (5)
 p - a wand of flame (12)
 u - a wand of light (8)
 B - a wand of charming (16)
 U - a wand of iceblast (2)
Scrolls
 b - a scroll of brand weapon
 c - 6 scrolls of poison
 d - 5 scrolls of fear
 e - 6 scrolls of enchant weapon
 f - 3 scrolls of blinking
 n - a scroll of revelation
 q - 3 scrolls of fog
 y - 2 scrolls of teleportation
 A - 4 scrolls of immolation
 C - a scroll of silence
 D - 6 scrolls of noise
 G - a scroll of torment
 I - a scroll of amnesia
 K - 3 scrolls of identify
 N - a scroll of enchant armour
Potions
 a - 3 potions of magic
 g - 8 potions of curing
 k - a potion of ambrosia
 m - 3 potions of haste
 v - 2 potions of enlightenment
 z - 2 potions of cancellation
 E - a potion of invisibility
 F - 2 potions of lignification
 H - 4 potions of might
 J - a potion of heal wounds
 M - 2 potions of brilliance
 P - a potion of mutation
 T - 2 potions of attraction


   Skills:
 + Level 6.5 Fighting
 - Level 8.0 Maces & Flails
 - Level 8.0 Polearms
 - Level 5.0 Dodging
 - Level 7.0 Stealth
 * Level 10.4 Spellcasting
 + Level 11.1 Conjurations
 - Level 6.0 Hexes
 - Level 5.0 Summonings
 - Level 5.0 Translocations
 + Level 8.4 Fire Magic
 - Level 6.0 Ice Magic
 + Level 4.2 Air Magic
 - Level 5.0 Poison Magic
 * Level 10.1 Invocations


You had one spell level left.
You knew the following spells:

 Your Spells              Type           Power      Damage    Failure   Level
a - Foxfire               Conj/Fire      100%       2x1d9     1%          1
b - Scorch                Fire           100%       2d9       1%          2
c - Inner Flame           Hex/Fire       47%        N/A       1%          3
d - Flame Wave            Conj/Fire      73%        2d16      1%          4
e - Hailstorm             Conj/Ice       69%        3d14      1%          3
f - Iskenderun's Mystic   Conj/Tloc      67%        2d14      1%          4
g - Summon Guardian Gole  Hex/Summ       38%        N/A       1%          3
h - Ozocubu's Armour      Ice            41%        N/A       1%          3
i - Mephitic Cloud        Conj/Pois/Air  61%        N/A       1%          3
j - Iskenderun's Battles  Conj           78%        2d13      1%          5
k - Blink                 Tloc           72%        N/A       1%          2

Your spell library contained the following spells:

 Spells                   Type           Power      Damage    Failure   Level
 Freeze                   Ice            100%       1d10      1%          1
 Kiss of Death            Conj/Necr      100%       2d13      1%          1
 Magic Dart               Conj           100%       1d8       1%          1
 Call Imp                 Summ           72%        N/A       1%          2
 Confusing Touch          Hex            41%        N/A       1%          3
 Dazzling Flash           Conj/Hex       100%       N/A       1%          3
 Frozen Ramparts          Ice            82%        1d13      1%          3
 Tukima's Dance           Hex            41%        N/A       1%          3
 Volatile Blastmotes      Fire/Tloc      88%        2d17      1%          3
 Cigotuvi's Dreadful Rot  Necr/Pois/Air  54%        N/A       2%          2
 Ignite Poison            Fire/Tmut/Pois 34%        N/A       2%          3
 Dimensional Bullseye     Hex/Tloc       19%        N/A       5%          4
 Summon Ice Beast         Ice/Summ       38%        N/A       5%          4
 Manifold Assault         Tloc           36%        N/A       6%          4
 Olgreb's Toxic Radiance  Pois           36%        N/A       6%          4
 Freezing Cloud           Conj/Ice/Air   31%        6-21      8%          5
 Metabolic Englaciation   Hex/Ice        20%        N/A       12%         5
 Starburst                Conj/Fire      36%        6d11      14%         6
 Silence                  Hex/Air        18%        N/A       17%         5
 Orb of Destruction       Conj           39%        9d11      41%         7
 Dispel Undead            Necr           12%        3d9       45%         4
 Petrify                  Tmut/Erth      12%        N/A       45%         4
 Plasma Beam              Fire/Air       21%        2x1d33    50%         6
 Bombard                  Conj/Erth      28%        9d5       61%         6
 Agony                    Necr           12%        N/A       80%         5
 Spellforged Servitor     Conj/Summ      33%        N/A       83%         7
 Simulacrum               Ice/Necr       13%        N/A       92%         6
 Ozocubu's Refrigeration  Ice            20%        4d12      98%         7
 Discord                  Hex            20%        N/A       100%        8
 Ignition                 Fire           26%        3d9       100%        8


Dungeon Overview and Level Annotations

Branches:
Dungeon (11/15)            Temple (1/1) D:6            Lair (5/5) D:11
  Swamp (0/4) Lair:2        Snake (0/4) Lair:3        Slime (0/5) Lair:4
    Orc (2/2) D:11            Elf (0/3) Orc:2         Sewer (visited)
Ossuary (visited)

Altars:
Ashenzari
Cheibriados
Dithmenos
Elyvilon
Fedhas
Gozag
Hepliaklqana
Kikubaaqudgha
Makhleb
Nemelex Xobeh
Okawaru
Qazlal
Ru
Sif Muna
Trog
Uskayaw
Vehumet
Wu Jian
Xom
Yredelemnul
Zin
The Shining One

Shops:
D:1 =[(:   D:2 ?   D:3 =::[?   D:4 ?   D:11 !   Orc:2 :(*[*


Innate Abilities, Weirdness & Mutations

You cannot wear most types of armour.
You are amphibious.
You can wear up to eight rings at the same time.
Your skin changes colour to match your surroundings (Stealth+).
Your rubbery body absorbs attacks. (AC +1, EV +1)
((You are camouflaged when in or above water. (Stealth+)))
You have tentacles for arms and can constrict up to eight enemies at once.


Message History

The dire elephant misses you.
The hornet is engulfed in noxious fumes.
Unknown command.
Unknown command.
Unknown command.
Casting: Iskenderun's Mystic Blast (mildly dangerous; 1% risk of failure)
Confirm with . or Enter, or press ? or * to list all spells.
You blink.
The hornet is engulfed in noxious fumes.
A komodo dragon comes into view.
The dire elephant is engulfed in noxious fumes.
The wind drake flaps its wings at you. The air twists around and strikes you!
* * * LOW HITPOINT WARNING * * *
The komodo dragon moves out of view.
Casting: Blink (safe; 1% risk of failure)
Confirm with . or Enter, or press ? or * to list all spells.
You feel a surge of power!
You erupt in a blast of force!
The mystic blast hits the komodo dragon!!
The komodo dragon is heavily wounded.
The komodo dragon is knocked back by the mystic blast.
The mystic blast hits the hornet but does no damage.
The hornet is severely wounded.
You hear an angry hiss.
Unknown command.
Casting: Iskenderun's Mystic Blast (mildly dangerous; 1% risk of failure)
Confirm with . or Enter, or press ? or * to list all spells.
You don't have enough magic to cast this spell.
Unknown command.
You are confused.
You feel invigorated. The wind drake flaps its wings at you.
The air twists around and strikes you!
* * * LOW HITPOINT WARNING * * *
Unknown command.
The dire elephant attacks as it pursues you!
The dire elephant misses you. The dire elephant barely misses you.
The wind drake flaps its wings at you. The air twists around and strikes you!!
You die...

##....†...........~~#~~P
#.....÷............##~~~~
...#..#.##.#...#..~~~~~~
....#######........~~~. ...#
##......P##~# ⌠~ ..##
####.....P.##l#####.##~#~ #.
##.#.......~~~~.~~~~~~~#.. ##
###..#........~~~~~~.~~~~..~
##P.........@.~##~~##~P# ~~~~
#....)......Y..~~~~##~~##~~##
###...........~........~~.~..
#......#..○..ly.###.........#
...#......#.k..○..####.#........
.....................#.##.....###
..........##..........##......#
#..........######.....##......#
#..........# #.....###.....#


You could see a dire elephant (inner flame), a wind drake (repels missiles), 2
komodo dragons and a hornet (confused).

Vanquished Creatures
  Saint Roka (Orc:2)
  Snorg (D:11)
  A hydra (Lair:2)
  2 ghost crabs (Lair:2)
  A centaur warrior (D:9)
  Erica (Lair:1)
  A death knight (D:9)
  2 boulder beetles (D:9)
  An ogre mage (D:10)
  2 tengu warriors
  The ghost of Conn the Scholar, a journeyman OpFE of Sif Muna (D:11)
  6 two-headed ogres
  5 death yaks (Lair:1)
  Urug (D:11)
  An orc high priest (Orc:2)
  3 skysharks
  A spectral hydra (Lair:2)
  3 deep elf pyromancers (D:9)
  4 orc knights (Orc:2)
  5 orc sorcerers
  A wolf spider zombie (D:11)
  5 ugly things
  A spectral centaur (D:11)
  3 oklob plants
  4 cyclopes
  An elephant (Lair:3)
  Maurice (D:8)
  5 black mambas
  10 cane toads
  6 komodo dragons
  A freezing wraith (D:9)
  4 rime drakes
  5 kobold demonologists
  A yaktaur (D:9)
  A hornet (Lair:5)
  4 trolls
  A tarantella (shapeshifter) (D:9)
  Grinder (D:4)
  3 blink frogs (Lair:2)
  3 snapping turtles (Lair:5)
  A meliai zombie (D:11)
  3 wyverns
  4 shadows (D:11)
  Sigmund (D:4)
  2 wraiths (D:11)
  2 basilisks
  2 spectral komodo dragons (Lair:2)
  31 yaks
  3 steam dragons
  A vampire mosquito (D:9)
  A redback simulacrum (D:11)
  4 wargs
  An acid dragon (D:10)
  2 nagas (Lair:3)
  5 water moccasins
  A spectral polar bear (Lair:2)
  Duvessa (D:4)
  4 black bears
  A sky beast (D:7)
  35 orc warriors
  4 ogres
  2 centaurs (D:9)
  11 kobold brigands
  A spectral wyvern (Lair:2)
  A gnoll sergeant (D:6)
  16 bullfrogs
  5 scorpions
  9 wights
  Dowan (D:4)
  A killer bee (D:9)
  3 electric eels
  3 howler monkeys (D:10)
  A hound (D:5)
  2 lava snakes (Lair:4)
  17 orc priests
  22 orc wizards
  2 sleepcaps
  Terence (D:3)
  An iguana (D:4)
  Natasha (thrice) (D:3)
  8 hell rats
  12 mummies (Ossuary)
  8 adders
  5 gnolls (D:6)
  3 river rats (Sewer)
  A shadow imp (D:7)
  3 worms
  5 dart slugs
  80 orcs
  8 bats
  4 endoplasms
  4 giant cockroaches
  3 goblins
  13 hobgoblins
  12 jackals
  28 kobolds
  2 quokkas
  4 ball pythons
  2 frilled lizards
  2 gnoll skeletons (Ossuary)
  4 goblin skeletons (Ossuary)
  A kobold zombie (D:7)
  2 orc skeletons (Ossuary)
  8 rats
  11 rat skeletons (Ossuary)
548 creatures vanquished.

Vanquished Creatures (collateral kills)
  4 foxfires
4 creatures vanquished.

Vanquished Creatures (others)
  A death yak (Lair:1)
  2 elephants (Lair:3)
  A blink frog (Lair:2)
  A yak (D:10)
  A wyvern (Lair:5)
  An orc wizard (Orc:2)
  An orc (D:11)
  1264 foxfires
1272 creatures vanquished.

Grand Total: 1824 creatures vanquished

Notes
Turn   | Place    | Note
-------+----------+-------------------------------------------
     0 | D:1      | Conn the Octopode Fire Elementalist began the quest for the
                  | Orb.
     0 | D:1      | Reached XP level 1. HP: 11/11 MP: 3/3
    94 | D:1      | Found Neenej's Book Emporium.
   116 | D:1      | Found Qugausag's Antique Weapon Shop.
   127 | D:1      | Reached XP level 2. HP: 16/17 MP: 1/5
   303 | D:1      | Found Ociesi's Jewellery Emporium.
   382 | D:1      | Found Kydestol's Armour Shop.
   395 | D:1      | Reached XP level 3. HP: 21/21 MP: 0/6
   402 | D:1      | Learned a level 2 spell: Scorch
   406 | D:1      | Learned a level 3 spell: Inner Flame
  1089 | D:2      | Identified the +2 dagger of Ytoluzuk {venom, rN+}
  1246 | D:2      | Reached skill level 2 in Conjurations
  1358 | D:2      | Found Qopeti's Magic Scroll Boutique.
  1382 | D:2      | Found a glowing silver altar of Zin.
  1396 | D:2      | Reached XP level 4. HP: 27/27 MP: 0/7
  1991 | D:3      | Found Tefearyi's Magic Scroll Shop.
  2108 | D:3      | Reached XP level 5. HP: 31/31 MP: 9/9
  2239 | D:3      | Found a faded altar of an unknown god.
  2345 | D:3      | Found Waumm's Book Boutique.
  2359 | D:3      | Found Oteyreona's Jewellery Shoppe.
  2389 | D:3      | Found an ancient bone altar of Kikubaaqudgha.
  2458 | D:3      | Found Puexeh's Book Shoppe.
  2555 | D:3      | Found Natyneu's Armour Emporium.
  2555 | D:3      | Noticed an animated gold dragon scales
  2555 | D:3      | Noticed an animated crystal plate armour
  2579 | D:3      | Found a blossoming altar of Fedhas.
  2599 | D:3      | Noticed Terence
  2599 | D:3      | Noticed Natasha
  2608 | D:3      | Killed Terence
  2629 | D:3      | Killed Natasha
  2821 | D:3      | Reached XP level 6. HP: 36/36 MP: 10/10
  2834 | D:3      | Noticed Natasha
  2840 | D:3      | Killed Natasha
  2841 | D:3      | Reached skill level 3 in Conjurations
  2906 | D:3      | Noticed Natasha
  2913 | D:3      | Killed Natasha
  2914 | D:3      | Reached skill level 1 in Hexes
  3086 | D:3      | Found an opulent altar of Gozag.
  3270 | D:4      | Found a glowing drain.
  3421 | Sewer    | Entered a sewer
  3645 | D:4      | Found Onoen's Magic Scroll Emporium.
  3650 | D:4      | Bought a scroll of blinking for 82 gold pieces
  3800 | D:4      | Noticed Dowan
  3804 | D:4      | Noticed Duvessa
  3805 | D:4      | Killed Dowan
  3809 | D:4      | Killed Duvessa
  3810 | D:4      | Reached XP level 7. HP: 41/41 MP: 1/12
  4013 | D:4      | Noticed Sigmund
  4018 | D:4      | Killed Sigmund
  4153 | D:4      | Reached skill level 5 in Stealth
  4153 | D:4      | Reached skill level 4 in Conjurations
  4311 | D:4      | Reached XP level 8. HP: 34/46 MP: 14/14
  4534 | D:4      | Identified a scroll of acquirement
  4534 | D:4      | Acquired the ring "Lietosus" {AC+4 Dex+2}
  4560 | D:4      | Noticed Grinder
  4575 | D:4      | Killed Grinder
  4670 | D:5      | Entered Level 5 of the Dungeon
  5094 | D:5      | Reached skill level 5 in Conjurations
  5355 | D:5      | Reached skill level 5 in Spellcasting
  5684 | D:6      | Identified the of Agioleky
  5684 | D:6      | Identified the "Huq Rilauso"
  5688 | D:6      | Found a shimmering blue altar of Sif Muna.
  5700 | D:6      | Became a worshipper of Sif Muna the Loreminder
  5714 | D:6      | Reached XP level 9. HP: 11/51 MP: 3/16
  6058 | D:6      | Found a hide-covered altar of Uskayaw.
  6169 | D:6      | Reached skill level 5 in Fire Magic
  6276 | D:6      | Found a staircase to the Ecumenical Temple.
  6306 | Temple   | Entered the Ecumenical Temple
  6324 | D:6      | Found a shimmering altar of Xom.
  6398 | D:6      | Found a shadowy altar of Dithmenos.
  7050 | D:7      | Reached skill level 5 in Hexes
  7052 | D:7      | Reached * piety under Sif Muna
  7065 | D:7      | Reached skill level 6 in Conjurations
  7072 | D:7      | Found a sand-covered staircase.
  7083 | Ossuary  | Entered an ossuary
  7515 | D:7      | Found a sparkling altar of Nemelex Xobeh.
  7554 | D:7      | Reached ** piety under Sif Muna
  7994 | D:1      | Bought a masterwork orcbow for 212 gold pieces
  7994 | D:1      | Identified the +5 orcbow "Qyucuf" {elec, Str+5 Int+3 Dex-5}
                  | (You bought it in a shop on level 1 of the Dungeon)
  8152 | D:8      | Reached skill level 5 in Dodging
  8162 | D:8      | Noticed Maurice
  8179 | D:8      | Killed Maurice
  8180 | D:8      | Reached skill level 1 in Fighting
  8180 | D:8      | Reached skill level 1 in Maces & Flails
  8180 | D:8      | Reached skill level 1 in Invocations
  8180 | D:8      | Reached XP level 10. HP: 58/58 MP: 7/19
  9015 | D:8      | Found a snail-covered altar of Cheibriados.
  9226 | D:9      | Noticed a centaur warrior
  9242 | D:9      | Killed a centaur warrior
  9243 | D:9      | Reached skill level 7 in Conjurations
  9471 | D:9      | Reached *** piety under Sif Muna
  9534 | D:9      | Noticed a two-headed ogre
  9543 | D:9      | Killed a two-headed ogre
 10058 | D:9      | Reached XP level 11. HP: 64/67 MP: 0/22
 10295 | D:9      | Reached skill level 5 in Invocations
 10377 | D:9      | Noticed a fire dragon
 10396 | D:9      | Learned a level 4 spell: Flame Wave
 10400 | D:9      | Learned a level 3 spell: Hailstorm
 10405 | D:9      | Learned a level 4 spell: Iskenderun's Mystic Blast
 10409 | D:9      | Learned a level 3 spell: Summon Guardian Golem
 10413 | D:9      | Learned a level 3 spell: Ozocubu's Armour
 10428 | D:9      | Noticed a boulder beetle
 10446 | D:9      | Killed a boulder beetle
 10447 | D:9      | Reached skill level 8 in Conjurations
 10570 | D:10     | Entered Level 10 of the Dungeon
 10804 | D:10     | Found an iron altar of Okawaru.
 10877 | D:10     | Noticed a tengu warrior
 10884 | D:10     | Killed a tengu warrior
 10885 | D:10     | Reached skill level 5 in Maces & Flails
 10885 | D:10     | Reached skill level 1 in Ice Magic
 10971 | D:10     | Found a hazy altar of Hepliaklqana.
 11041 | D:10     | Reached skill level 1 in Translocations
 11073 | D:10     | Reached skill level 1 in Summonings
 11320 | D:10     | Learned a level 3 spell: Mephitic Cloud
 11460 | D:10     | Found a broken altar of Ashenzari.
 11517 | D:10     | Noticed a cyan ugly thing
 11521 | D:10     | Killed a cyan ugly thing
 11523 | D:10     | Noticed an ogre mage
 11533 | D:10     | Paralysed by an ogre mage for 3 turns
 11537 | D:10     | Killed an ogre mage
 11736 | D:10     | Found a bloodstained altar of Trog.
 12048 | D:10     | Found an ornate altar of the Wu Jian Council.
 12048 | D:10     | Found a white marble altar of Elyvilon.
 12159 | D:11     | Found a staircase to the Orcish Mines.
 12163 | D:11     | Reached **** piety under Sif Muna
 12164 | D:11     | Noticed a two-headed ogre
 12330 | D:11     | Noticed a cyclops
 12337 | D:11     | Killed a cyclops
 12502 | D:11     | Reached XP level 12. HP: 74/74 MP: 14/24
 12788 | D:11     | Found a runed translucent gate.
 12788 | D:11     | Found a runed translucent gate.
 12788 | D:11     | Found a runed translucent gate.
 12789 | D:11     | Noticed Conn's ghost (journeyman OpFE)
 12796 | D:11     | Found a staircase to the Lair.
 13050 | D:11     | Found Xanot's Distillery.
 13122 | D:11     | Reached skill level 9 in Conjurations
 13326 | D:11     | Noticed Urug
 13335 | D:11     | Killed a two-headed ogre
 13517 | D:11     | Killed Urug
 13648 | D:11     | Killed Conn's ghost
 13680 | D:11     | Noticed Snorg
 14135 | D:11     | Killed Snorg
 14136 | D:11     | Reached skill level 1 in Polearms
 14136 | D:11     | Reached skill level 1 in Poison Magic
 14619 | Lair:1   | Entered Level 1 of the Lair of Beasts
 14624 | Lair:1   | Reached skill level 1 in Air Magic
 14630 | Lair:1   | Noticed Erica
 14782 | Lair:1   | Killed Erica
 14899 | Lair:1   | Noticed a death yak
 14900 | Lair:1   | Noticed a death yak
 14908 | Lair:1   | Noticed a death yak
 14938 | Lair:1   | Killed a death yak
 14938 | Lair:1   | Noticed a death yak
 14940 | Lair:1   | Noticed a death yak
 14941 | Lair:1   | Noticed a death yak
 15163 | Orc:1    | Entered Level 1 of the Orcish Mines
 15626 | D:9      | Noticed a two-headed ogre
 15640 | D:9      | Killed a two-headed ogre
 15824 | D:9      | Reached XP level 13. HP: 81/81 MP: 4/26
 16138 | D:9      | Reached skill level 5 in Fighting
 16570 | D:9      | Found a stormy altar of Qazlal.
 17382 | D:9      | Reached skill level 5 in Polearms
 17491 | D:9      | Reached skill level 10 in Conjurations
 17782 | D:9      | Identified the ring of Harmony {rC+ EV+5 Dex+5}
 17989 | D:1      | Bought a ring of magical power for 200 gold pieces
 17989 | D:1      | Bought a ring of poison resistance for 200 gold pieces
 18061 | D:3      | Bought a ring of protection from fire for 325 gold pieces
 18281 | Orc:2    | Entered Level 2 of the Orcish Mines
 18306 | Orc:2    | Reached skill level 5 in Ice Magic
 18406 | Orc:2    | Found a staircase to the Elven Halls.
 18789 | Orc:1    | Learned a level 5 spell: Iskenderun's Battlesphere
 19150 | Orc:2    | Noticed Saint Roka
 19391 | Orc:2    | Found Xyocurph's Assorted Antiques.
 19399 | Orc:2    | Bought a scroll labelled GIUKOY OTADDU for 33 gold pieces
 19655 | Orc:2    | Killed Saint Roka
 19656 | Orc:2    | Reached XP level 14. HP: 7/89 MP: 14/27
 20010 | Orc:2    | Found Nenkes's General Store.
 20023 | Orc:2    | Found Xenelidolo's Book Shoppe.
 20031 | Orc:2    | Found Wiotusmui's Antique Weapon Shoppe.
 20033 | Orc:2    | Found Edilir's Antique Armour Shoppe.
 20763 | D:3      | Bought the ring of the Sunfish {rElec rPois rC- MP+9 Str-5}
                  | for 269 gold pieces
 21760 | Lair:1   | Reached ***** piety under Sif Muna
 22012 | Lair:1   | Identified the +2 flail "Newtslayer" {pain, SInv}
 22571 | Lair:2   | Reached skill level 10 in Spellcasting
 23427 | Lair:2   | Found a staircase to the Swamp.
 23821 | D:4      | Bought 2 scrolls of identify for 44 gold pieces
 24323 | Lair:3   | Learned a level 2 spell: Blink
 24497 | Lair:3   | Reached skill level 5 in Summonings
 24497 | Lair:3   | Found a staircase to the Snake Pit.
 25569 | Lair:4   | Reached skill level 11 in Conjurations
 25963 | Lair:4   | Found a staircase to the Slime Pits.
 26033 | Lair:4   | Reached skill level 5 in Poison Magic
 26685 | Lair:5   | Entered Level 5 of the Lair of Beasts
 26700 | Lair:5   | Reached skill level 5 in Translocations
 26734 | Lair:5   | Reached skill level 10 in Invocations
 27063 | Lair:5   | Identified the +0 quarterstaff "Quihiri" {freeze, SInv}
 27098 | Lair:5   | Noticed a dire elephant
 27106 | Lair:5   | Reached XP level 15. HP: 72/95 MP: 15/29
 27136 | Lair:5   | Killed from afar by a wind drake

Illustrated notes

Levels and vault maps discovered:
D:1:      dpeg_arrival_shrine, layout_basic, serial_shops, shop, shop, shop,
          shop, due_unseen_surprise
D:2:      layout_loops_ring, serial_shops, shop, basic_altar
D:3:      layout_basic, lemuel_crystal_altar, lemuel_coloured_pillars_altar,
          fedhas_altar_3, serial_shops, shop, nicolae_shop_stone,
          nicolae_shop_temple_entry_statues_fountains, nicolae_shop_mannequins,
          shop, chequers_ecumenical_altar_grove, uniq_terence, uniq_natasha
D:4:      layout_rooms, gup_sewer_entry_glass, serial_shops,
          nicolae_shop_rolled_up, minmay_manual_mullet, uniq_grinder,
          uniq_duvessa, uniq_sigmund
D:5:      layout_loops_ring
D:6:      layout_basic, nicolae_dithmenos_the_darkroom,
          mainiacjoe_overflow_chevrons, xom_teletrap_fun, led_sif_book,
          minmay_temple_entry_offerings
D:7:      layout_basic, nemelex_spade_bored_becter, enter_ossuary_3
D:8:      layout_gridville, slow_altar_1, minmay_curled_crystal, uniq_maurice
D:9:      minmay_the_grid_3x3 [minmay_the_grid_spikes, minmay_the_grid_slots,
          minmay_the_grid_eight, minmay_the_grid_pillar_ring,
          minmay_the_grid_tri_star, minmay_the_grid_zigzag_pyramid,
          minmay_the_grid_plusring, minmay_the_grid_large_cup,
          minmay_the_grid_prize_inner_circle], layout_gridville,
          mainiacjoe_overflow_alcove_4, minmay_evil_grid
D:10:     layout_stronghold, mainiacjoe_overflow_surrounded_room,
          overflow_temple_1_default, gammafunk_temple_overflow_wave,
          overflow_temple_1_default, okawaru_metal_pillars_3,
          serial_bayou_lagoon_a, minmay_three_doors
D:11:     layout_long_grid, dpeg_oklobed_lair, orc_david_3, serial_shops,
          nicolae_shop_peninsula, gammafunk_ghost_necromancy, uniq_snorg,
          uniq_urug
Temple:   nicolae_temple_superstar
Lair:1:   layout_cave_pods, grunt_megastairs_2, serial_bayou_shore_b, uniq_erica
Lair:2:   layout_loops_ring, nicolae_swamp_entry_spooky
Lair:3:   dpeg_oklob_shooting_range, layout_cave_pods,
          guppyfry_snake_entry_garden, grunt_forest_stairs_basic
Lair:4:   layout_regular_city, slime_entry_1, nicolae_lair_liquid_snakes
Lair:5:   gammafunk_lair_ancient_temple, layout_cellular_growth,
          lemuel_fruit_tree
Orc:1:    layout_caves
Orc:2:    grunt_orc_cross, layout_caves, serial_shops, nicolae_shop_stone

Skill      XL: |  1  2  3  4  5  6  7  8  9 10 11 12 13 14 |
---------------+-------------------------------------------+-----
Stealth        | 3 4 5 6 7 |  7.0
Conjurations   | 2 3 4 5 6 7 8 9 10 11 | 11.1
Spellcasting   | 3 4 5 6 7 8 9 10 | 10.4
Dodging        | 3 4 5 |  5.0
Hexes          | 2 4 5 6 |  6.0
Fire Magic     | 4 5 6 7 8 |  8.4
Fighting       | 1 3 4 5 6 |  6.5
Maces & Flails | 1 4 5 6 8 |  8.0
Invocations    | 1 4 6 7 8 10 | 10.1
Ice Magic      | 3 4 5 6 |  6.0
Translocations | 2 3 4 5 |  5.0
Summonings     | 1 3 4 5 |  5.0
Polearms       | 3 6 8 |  8.0
Poison Magic   | 2 3 5 |  5.0
Air Magic      | 1 3 4 |  4.2

Action                     |  1- 3 |  4- 6 |  7- 9 | 10-12 | 13-15 || total
---------------------------+-------+-------+-------+-------+-------++-------
  Melee: Dagger            |    65 |    68 |   135 |       |       ||   268
         Constrict         |    14 |    22 |    40 |    16 |    12 ||   104
         Tentacles         |     8 |    18 |    43 |    25 |    25 ||   119
         Punch             |     2 |     1 |     2 |     1 |       ||     6
         Mace              |       |       |     8 |    65 |       ||    73
         Glaive            |       |       |       |     6 |     3 ||     9
         Staff             |       |       |       |       |    43 ||    43
  Throw: Dart              |       |       |       |       |     3 ||     3
   Cast: Foxfire           |    34 |    58 |   105 |   251 |   275 ||   723
         Scorch            |       |    11 |    17 |    99 |   184 ||   311
         Inner Flame       |       |     3 |     5 |    47 |    71 ||   126
         Flame Wave        |       |       |       |    14 |    41 ||    55
         Summon Guardian G |       |       |       |     9 |    21 ||    30
         Iskenderun's Myst |       |       |       |     7 |    37 ||    44
         Hailstorm         |       |       |       |    15 |    23 ||    38
         Mephitic Cloud    |       |       |       |     4 |    36 ||    40
         Ozocubu's Armour  |       |       |       |     2 |     1 ||     3
         Iskenderun's Batt |       |       |       |       |    11 ||    11
         Blink             |       |       |       |       |     2 ||     2
 Invoke: Channel Magic     |       |       |       |     3 |     9 ||    12
  Evoke: Wand              |       |       |     1 |     2 |     7 ||    10
    Use: Scroll            |       |     6 |    14 |     6 |     6 ||    32
         Potion            |       |       |     2 |     3 |     4 ||     9
   Stab: Sleeping          |     5 |     8 |    28 |     1 |     2 ||    44
         Confused          |       |       |       |       |     4 ||     4
 Armour: Skin              |    30 |    17 |    59 |    90 |    73 ||   269
  Dodge: Dodged            |    49 |    65 |   117 |   123 |   201 ||   555
  Block: Other             |       |       |     2 |    36 |    30 ||    68
         Reflection        |       |       |       |     4 |     6 ||    10

Table legend: (Time is in decaauts)
 A = Elapsed time spent in this place.
 B = Non-inter-level travel time spent in this place.
 C = Inter-level travel time spent in this place.
 D = Time resting spent in this place.
 E = Time spent auto-exploring this place.
 F = Levels seen in this place.
 G = Mean time per level.
                   A        B        C        D        E       F      G
               +--------+--------+--------+--------+--------+-----+--------+
         Total |  27191 |  25079 |   2112 |   3059 |  16104 |  21 | 1294.8 |
       Dungeon |  17989 |  16106 |   1883 |   2010 |  10497 |  11 | 1635.4 |
        Temple |     13 |     13 |      0 |      0 |      0 |   1 |   13.0 |
          Lair |   5792 |   5613 |    179 |    323 |   4131 |   5 | 1158.4 |
  Orcish Mines |   2875 |   2826 |     49 |    704 |   1308 |   2 | 1437.5 |
         Sewer |    189 |    189 |      0 |      0 |    139 |   1 |  189.0 |
       Ossuary |    330 |    330 |      0 |     22 |     29 |   1 |  330.0 |
               +--------+--------+--------+--------+--------+-----+--------+

Top non-repeatable levels by time:
     D:9: 3925 daAuts
    D:11: 2497 daAuts
    D:10: 2093 daAuts
  Lair:3: 1658 daAuts
     D:3: 1649 daAuts
   Orc:1: 1502 daAuts
  Lair:1: 1482 daAuts
   Orc:2: 1372 daAuts
     D:4: 1299 daAuts
     D:8: 1223 daAuts
  Lair:2: 1199 daAuts
     D:6: 1152 daAuts
  Lair:4: 1137 daAuts
     D:5: 1094 daAuts
     D:1: 1074 daAuts
